 Dungeon Crawl Stone Soup version 0.23-a0-586-gacb4b3f4ce (webtiles) character file.

423 Maize the Chopper (level 6, -2/56 HPs)
             Began as a Minotaur Fighter on Dec 19, 2018.
             Slain by a hound (4 damage)
             ... on level 4 of the Dungeon.
             The game lasted 00:03:12 (2681 turns).

Maize the Chopper (Minotaur Fighter)                Turns: 2681, Time: 00:03:13

Health: -2/56      AC: 10    Str: 23    XL:     6   Next: 63%
Magic:  5/5        EV:  8    Int:  5    God:
Gold:   190        SH:  0    Dex:  9    Spells: 5/5 levels left

rFire    . . .     SeeInvis .   a - +0 war axe
rCold    . . .     Gourm    .   (no shield)
rNeg     . . .     Faith    .   n - +0 chain mail
rPois    .         Spirit   .   (helmet restricted)
rElec    .         Reflect  .   (no cloak)
rCorr    .         Harm     .   (no gloves)
MR       .....                  (no boots)
Stlth    ..........             (no amulet)
HPRegen  0.18/turn              (no ring)
MPRegen  0.09/turn              (no ring)

@: no status effects
A: retaliatory headbutt, horns 2
a: no special abilities


You were on level 4 of the Dungeon.
You were not hungry.

You visited 1 branch of the dungeon, and saw 4 of its levels.

You collected 190 gold pieces.

Inventory:

Hand Weapons
 a - a +0 war axe (weapon)
Armour
 n - a +0 chain mail (worn)
Scrolls
 c - 2 scrolls of remove curse {unknown}
 g - 2 scrolls of immolation {unknown}
 h - 2 scrolls of identify {unknown}
 j - 3 scrolls of enchant armour {unknown}
 k - a scroll of magic mapping {unknown}
 l - a scroll of amnesia {unknown}
 o - a scroll of blinking {unknown}
Potions
 b - a potion of flight {unknown}
 d - a potion of might
 e - a potion of heal wounds {unknown}
 i - a potion of agility {unknown}
 m - a potion of berserk rage {unknown}
Comestibles
 f - 10 rations


   Skills:
 + Level 5.5 Fighting
 * Level 6.3 Axes
 + Level 5.5 Armour
   Level 3.6 Shields


You had 5 spell levels left.
You didn't know any spells.
Your spell library was empty.

Dungeon Overview and Level Annotations

Branches:
Dungeon (4/15)
 Temple: D:4-7

Altars:
Cheibriados


Innate Abilities, Weirdness & Mutations

You reflexively headbutt those who attack you in melee.
You have a pair of horns on your head.


Message History

You hit the orc warrior.
You headbutt the orc warrior, but do no damage.
The orc warrior is heavily wounded.
You barely miss the hound. The hound bites you but does no damage.
The orc warrior hits you with a +0 glaive!
* * * LOW HITPOINT WARNING * * *
The hound bites you but does no damage.
The orc warrior hits you from afar with a +0 glaive!
* * * LOW HITPOINT WARNING * * *
The hound bites you but does no damage. The hound closely misses you.
The hound bites you but does no damage. The hound barely misses you.
You furiously retaliate!
You headbutt the hound. The hound bites you.
* * * LOW HITPOINT WARNING * * *
The hound closely misses you. The hound bites you.
* * * LOW HITPOINT WARNING * * *
The hound bites you.
You die...

## # #.# .. #.#
.. #.# ..# ##.# #
##@# # #.h# ####
##o## ...#####
#..#
.......#######.##
####........#..##
######.....#.##
#####....# #....#


You could see an orc warrior and a hound.

Vanquished Creatures
  An orc warrior (D:2)
  A centaur (D:2)
  2 scorpions (D:4)
  3 adders
  5 oozes
  3 worms (D:2)
  2 dart slugs (D:1)
  A leopard gecko (D:3)
  5 orcs
  2 giant cockroaches
  10 goblins
  7 hobgoblins
  6 jackals
  10 kobolds
  A quokka (D:3)
  4 ball pythons
  4 bats
  2 frilled lizards (D:2)
  8 rats
77 creatures vanquished.

Notes
Turn   | Place    | Note
-------+----------+-------------------------------------------
     0 | D:1      | Maize the Minotaur Fighter began the quest for the Orb.
     0 | D:1      | Reached XP level 1. HP: 19/19 MP: 0/0
    54 | D:1      | Reached XP level 2. HP: 24/27 MP: 1/1
    84 | D:1      | Reached skill level 3 in Axes
   740 | D:2      | Noticed a centaur
   745 | D:2      | Killed a centaur
   745 | D:2      | Reached skill level 4 in Axes
   745 | D:2      | Reached XP level 3. HP: 16/34 MP: 2/2
   745 | D:2      | Reached XP level 4. HP: 20/41 MP: 3/3
   748 | D:2      | HP: 2/41 [worm (9)]
  1195 | D:2      | Noticed an orc warrior
  1200 | D:2      | Killed an orc warrior
  1200 | D:2      | Reached skill level 5 in Axes
  1200 | D:2      | Reached XP level 5. HP: 47/47 MP: 4/4
  1218 | D:2      | Reached skill level 5 in Armour
  1250 | D:2      | Reached skill level 5 in Fighting
  1454 | D:2      | Found a snail-covered altar of Cheibriados.
  1664 | D:2      | Reached XP level 6. HP: 56/56 MP: 5/5
  2396 | D:4      | Reached skill level 6 in Axes
  2660 | D:4      | Noticed an orc warrior
  2669 | D:4      | HP: 2/56 [orc warrior/+0 glaive (7)]
  2675 | D:4      | HP: 2/56 [hound (1)]
  2681 | D:4      | Slain by a hound

Vault maps used:
D:1:      ebering_trefoil_twist
D:2:      minmay_recursive_quarters, old_standard_altar,
          hangedman_decor_slide_cut
D:3:      first_ration
D:4:      kennysheep_mini_moat, serial_shops, shop

Skill      XL: |  1  2  3  4  5  6 |
---------------+-------------------+-----
Axes           | 4 5 6 |  6.3
Fighting       | 4 5 |  5.5
Armour         | 4 5 |  5.5
Shields        | |  3.6

Action                   |  1- 3 |  4- 6 || total
-------------------------+-------+-------++-------
Melee: War axe           |    49 |   134 ||   183
       Headbutt          |    10 |    16 ||    26
  Eat: Chunk             |       |     6 ||     6
Armor: Scale mail        |    26 |    30 ||    56
       Chain mail        |       |    44 ||    44
Dodge: Dodged            |    26 |    69 ||    95

Table legend:
 A = Non-vault XP
 B = Vault XP
 C = Vault XP percentage of total XP
 D = Non-vault monster count
 E = Vault monster count
 F = Vault count percentage of total count
                 A         B        C        D         E       F
            +---------+---------+-------+---------+---------+-------
      Total |     581 |      24 |   4.0 |      69 |       8 |  10.4
            +---------+---------+-------+---------+---------+-------
        D:1 |      35 |       0 |   0.0 |      19 |       0 |   0.0
        D:2 |     324 |      24 |   6.9 |      25 |       8 |  24.2
        D:3 |      64 |       0 |   0.0 |      17 |       0 |   0.0
        D:4 |     158 |       0 |   0.0 |       8 |       0 |   0.0
            +---------+---------+-------+---------+---------+-------
